 Dungeon Crawl Stone Soup version 0.30.1-4-g462c640d31 (webtiles) character file.

Game seed: 4179513871486641723

58648 spardeous the Severer (level 14, -2/129 HPs)
             Began as a Minotaur Berserker on Aug 21, 2023.
             Was an Elder of Trog.
             Killed from afar by a steam dragon (17 damage)
             ... with a ball of steam
             ... in a volcano on Aug 22, 2023.
             The game lasted 00:31:41 (16678 turns).

spardeous the Severer (Minotaur Berserker)         Turns: 16678, Time: 00:31:42

Health: -2/129     AC: 14    Str: 34 (35) XL:     14   Next: 50%
Magic:  13/13      EV: 15    Int:  8 (9)  God:    Trog [****..]
Gold:   1045       SH:  0    Dex:  9 (11) Spells: 13/13 levels left

rFire   . . .        N - +3 battleaxe (chaos)
rCold   . . .        (shield currently unavailable)
rNeg    + + +        y - +0 ring mail of Xuoconk {rN+ Int+5 Stlth-}
rPois   +            (helmet restricted)
rElec   .            (no cloak)
rCorr   .            q - +0 pair of gloves
SInv    .            V - +0 pair of boots of the Spheres {rN+ Str+3}
Will    +....        S - amulet of regeneration Stlth
                     J - ring "Dyrchoipt" {rPois rN+ Str+6}
HPRegen 1.21/turn    M - +4 ring of protection
MPRegen 0.13/turn

%: no passive effects
@: on berserk cooldown, hasted and slowed
A: horns 2, retaliatory headbutt
a: Renounce Religion, Berserk, Trog's Hand, Brothers in Arms


You were in a volcano.
You worshipped Trog.
Trog was greatly pleased with you.
You visited 2 branches of the dungeon, and saw 17 of its levels.
You visited the Abyss 1 time.
You also visited: Volcano.

You collected 1144 gold pieces.
You spent 99 gold pieces at shops.

Inventory:

Hand Weapons
 N - a +3 battleaxe of chaos (weapon)
Missiles
 h - 12 boomerangs (quivered)
Armour
 q - a +0 pair of gloves (worn)
 y - the +0 ring mail of Xuoconk (worn) {rN+ Int+5 Stlth-}
   (You found it on level 4 of the Dungeon)

   Int:       It affects your intelligence (+5).
   rN:        It protects you from negative energy.
   Stlth:     It makes you less stealthy.
 V - the +0 pair of boots of the Spheres (worn) {rN+ Str+3}
   (You found it on level 10 of the Dungeon)

   Str:       It affects your strength (+3).
   rN:        It protects you from negative energy.
Jewellery
 x - a +6 ring of intelligence
 J - the ring "Dyrchoipt" (left hand) {rPois rN+ Str+6}
   (You found it on level 1 of the Lair of Beasts)

   [ring of strength]

   Str:       It affects your strength (+6).
   rPois:     It protects you from poison.
   rN:        It protects you from negative energy.
 M - a +4 ring of protection (right hand)
 S - an amulet of regeneration (around neck)
Wands
 m - a wand of paralysis (11)
 B - a wand of mindburst (18)
 E - a wand of iceblast (26)
 H - a wand of polymorph (5)
 L - a wand of flame (57)
Scrolls
 c - 4 scrolls of vulnerability
 d - 7 scrolls of teleportation {unknown}
 e - 3 scrolls of enchant weapon {unknown}
 f - a scroll of fog
 g - 2 scrolls of immolation {unknown}
 o - 2 scrolls of blinking
 p - 2 scrolls of poison
 r - 2 scrolls of fear
 t - a scroll of brand weapon
 w - 2 scrolls of enchant armour
 D - a scroll of butterflies {unknown}
 G - a scroll of silence
 U - 3 scrolls of magic mapping {unknown}
Potions
 b - 2 potions of degeneration
 i - 2 potions of haste
 j - 3 potions of might
 k - 4 potions of magic {unknown}
 l - a potion of invisibility {unknown}
 n - a potion of ambrosia {unknown}
 s - 3 potions of lignification {unknown}
 u - 4 potions of brilliance {unknown}
 v - a potion of attraction {unknown}
 A - 10 potions of curing {unknown}
 C - 3 potions of mutation {unknown}
 F - 4 potions of flight {unknown}
 I - 2 potions of resistance {unknown}
 O - a potion of cancellation {unknown}
Miscellaneous
 P - a lightning rod (4/4)
 Q - a phantom mirror
 Z - a box of beasts (inert)


   Skills:
 - Level 13.1 Fighting
 + Level 18.0 Axes
 - Level 12.1 Armour
 - Level 12.0 Dodging
 - Level 10.3 Evocations


You had 13 spell levels left.
You didn't know any spells.
Your spell library contained the following spells:

 Spells                   Type           Power      Damage    Failure   Level
 Foxfire                  Conj/Fire      0%         2x1d4     50%         1
 Freeze                   Ice            0%         1d3       50%         1
 Cigotuvi's Dreadful Rot  Necr/Pois/Air  0%         N/A       63%         2
 Frozen Ramparts          Ice            0%         1d1       86%         3
 Gell's Gravitas          Tloc           0%         N/A       86%         3
 Hailstorm                Conj/Ice       0%         3d3       86%         3
 Ignite Poison            Fire/Tmut/Pois 0%         N/A       86%         3
 Teleport Other           Tloc           0%         N/A       86%         3
 Dispel Undead            Necr           0%         3d6       99%         4
 Leda's Liquefaction      Hex/Erth       0%         N/A       99%         4
 Fireball                 Conj/Fire      0%         3d3       100%        5
 Freezing Cloud           Conj/Ice/Air   0%         6-21      100%        5
 Lee's Rapid Deconstruct  Erth           0%         3d4*      100%        5
 Death Channel            Necr           0%         N/A       100%        6
 Dispersal                Tloc           0%         N/A       100%        6
 Iron Shot                Conj/Erth      0%         9d1       100%        6
 Plasma Beam              Fire/Air       0%         2x1d11    100%        6
 Starburst                Conj/Fire      0%         6d3       100%        6
 Statue Form              Tmut/Erth      0%         N/A       100%        6
 Lehudib's Crystal Spear  Conj/Erth      0%         10d2      100%        8


Dungeon Overview and Level Annotations

Branches:
Dungeon (15/15)            Temple (0/1) D:5            Lair (2/5) D:9
 Shoals (0/4) Lair:2          Orc (0/2) D:11         Vaults (0/5) D:13
 Depths (0/4) D:15        Volcano (1/1)
  Snake: Lair:2-3    Spider: Lair:2-3

Altars:
Makhleb
Qazlal
Vehumet
Xom
Yredelemnul

Shops:
D:2 *   D:9 *


Innate Abilities, Weirdness & Mutations

You have a pair of horns on your head.
You reflexively headbutt those who attack you in melee.


Message History

* * * LOW HITPOINT WARNING * * *
You are engulfed in flames!!
* * * LOW HITPOINT WARNING * * *
You take 21 damage, and have 39/129 hp.
You barely miss the steam dragon. You headbutt the steam dragon.
You kill the steam dragon!
Trog accepts your kill.
You slice the sun demon!!
You kill the sun demon!
Trog accepts your kill. The smoke demon gestures at you.
The ball of steam hits you!
* * * LOW HITPOINT WARNING * * *
Your Axes skill increases to level 18!
You take 5 damage, and have 34/129 hp.
The smoke demon gestures at you. Something smites you!
* * * LOW HITPOINT WARNING * * *
The steam dragon breathes steam at you.
The ball of steam hits the smoke demon!
The smoke demon resists.
The ball of steam misses you.
You take 15 damage, and have 19/129 hp.
Okay, then.
It was a potion of degeneration.
There was something very wrong with that liquid.
You feel weakened.
You feel dopey.
You feel clumsy.
You regained 2 hp, and now have 22/129 hp.
It was a potion of haste.
You feel yourself speed up. The steam dragon breathes steam at you.
The ball of steam hits you but does no damage.
The smoke demon gestures at you. Something smites you!
* * * LOW HITPOINT WARNING * * *
You take 8 damage, and have 14/129 hp.
Okay, then.
You fail to use your ability.
You are engulfed in a cloud of scalding steam.
The steam dragon breathes steam at you. The ball of steam hits you!
You die...

#.......# ##....D. ..##
#..3.... ...###
#......## .....##
#.....†§# #.....#
#......## #.....#
##...§.≈## #....##
##......####.....#
##...§...3D@§§..#
###...§..#.....#
#.......#....#
#......###.....##
##......##......#### ###
##.....###........###∩##
##.....###...§...##...#
##.....###.§§§..#..∩..
####....##...####...#


You could see a smoke demon and a steam dragon (catching breath).

Vanquished Creatures
  Agnes (D:14)
  A thorn hunter (Abyss:3)
  A tentacled starspawn (Abyss:3)
  Roxanne (D:15)
  A stone giant (D:15)
  A yaktaur captain (D:13)
  An entropy weaver (shapeshifter) (D:15)
  A rakshasa (D:13)
  3 boulder beetles
  3 centaur warriors
  3 two-headed ogres
  A death knight (D:14)
  A vampire mage (Lair:1)
  2 tengu warriors (D:14)
  3 sun demons (Volcano)
  A soul eater (Abyss:2)
  A skyshark (Lair:2)
  5 skeletal warriors
  The ghost of turdburglar the Grave Robber, a novice DsNe (D:7)
  The ghost of mUm121 the Severer, a novice MiWn (D:8)
  2 wizards (D:14)
  2 deep elf pyromancers
  9 ugly things
  4 cyclopes
  A manticore (D:12)
  An apocalypse crab (Abyss:3)
  2 smoke demons (Volcano)
  An orange demon (Abyss:2)
  A rime drake (Lair:1)
  2 efreet
  2 cane toads
  2 freezing wraiths
  An unseen horror (D:9)
  2 yaktaurs (D:13)
  4 komodo dragons
  A tengu conjurer (D:14)
  A troll (D:9)
  2 raiju (Abyss:3)
  3 large abominations
  A spriggan (shapeshifter) (D:13)
  A shadow (D:13)
  5 wraiths
  A vampire (D:10)
  4 slime creatures
  2 wyverns
  A basilisk (D:13)
  A human (Lair:1)
  35 yaks
  A neqoxec (Abyss:3)
  6 steam dragons
  Grum (D:9)
  8 vampire mosquitoes
  4 acid dragons
  A floating eye (shapeshifter) (D:14)
  7 water moccasins
  A hell hound (Volcano)
  A naga skeleton (Abyss:3)
  An orc warrior (D:9)
  A sky beast (D:7)
  2 black bears
  15 centaurs
  5 wolves
  2 phantoms
  The ghost of Drain the Conjurer, an amateur OpCj (D:3)
  4 kobold brigands
  8 bullfrogs
  2 scorpions
  13 wights
  12 killer bees
  A howler monkey (D:10)
  2 hounds
  3 orc priests
  3 jellies
  A gnoll bouda (D:7)
  2 sleepcaps
  5 iguanas
  11 orc wizards
  20 gnolls
  4 adders
  A white imp (D:6)
  An ufetubus (D:5)
  3 worms (D:2)
  3 dart slugs
  26 orcs
  7 bats
  5 endoplasms
  4 giant cockroaches
  8 goblins
  2 hobgoblins (D:2)
  2 jackals (D:1)
  37 kobolds
  4 quokkas
  5 ball pythons
  6 frilled lizards
  3 rats
392 creatures vanquished.

Vanquished Creatures (collateral kills)
  A tentacled starspawn (Abyss:3)
  A draconian stormcaller (Abyss:3)
  The ghost of Loveship the Bludgeoner, a journeyman FoFi of Gozag (D:10)
  A slime creature (D:12)
  A rakshasa (Abyss:3)
  A satyr (Abyss:3)
  A thrashing horror (Abyss:3)
  A wretched star (Abyss:3)
  2 ugly things (D:15)
  A moth of wrath (D:10)
  An orange demon (Abyss:3)
  A yaktaur (shapeshifter) (Abyss:3)
  A komodo dragon (D:10)
  A large abomination (Abyss:3)
  2 raiju (Abyss:3)
  2 yaks (D:7)
  A chaos spawn (Abyss:3)
  A redback (D:10)
  A white imp (Abyss:3)
  A starspawn tentacle (Abyss:3)
23 creatures vanquished.

Vanquished Creatures (others)
  4 starspawn tentacles (Abyss:3)
4 creatures vanquished.

Grand Total: 419 creatures vanquished

Notes
Turn   | Place    | Note
-------+----------+-------------------------------------------
     0 | D:1      | spardeous the Minotaur Berserker began the quest for the
                  | Orb.
     0 | D:1      | Reached XP level 1. HP: 19/19 MP: 0/0
   157 | D:1      | Reached skill level 4 in Axes
   157 | D:1      | Reached XP level 2. HP: 27/27 MP: 1/1
   749 | D:2      | Reached XP level 3. HP: 33/33 MP: 2/2
   776 | D:2      | Reached ** piety under Trog
   899 | D:2      | Reached skill level 5 in Axes
  1244 | D:2      | Reached XP level 4. HP: 31/40 MP: 3/3
  1506 | D:2      | Found Jaics's General Store.
  1514 | D:2      | Bought a potion of heal wounds for 55 gold pieces
  1514 | D:2      | Bought a scroll of fear for 44 gold pieces
  1787 | D:3      | Reached skill level 6 in Axes
  1852 | D:3      | HP: 2/40 [iguana (6)]
  2025 | D:3      | Reached XP level 5. HP: 46/46 MP: 4/4
  2145 | D:3      | Reached skill level 7 in Axes
  2286 | D:3      | Found a runed translucent gate.
  2286 | D:3      | Found a runed translucent gate.
  2286 | D:3      | Noticed Drain's ghost (amateur OpCj)
  2287 | D:3      | Found a runed translucent gate.
  2866 | D:4      | Reached skill level 8 in Axes
  2866 | D:4      | Reached XP level 6. HP: 52/52 MP: 5/5
  3266 | D:4      | Found a stormy altar of Qazlal.
  3551 | D:4      | Identified the +0 ring mail of Xuoconk {rN+ Int+5 Stlth-}
  3642 | D:5      | Entered Level 5 of the Dungeon
  3663 | D:5      | Reached skill level 9 in Axes
  3671 | D:5      | Reached XP level 7. HP: 30/58 MP: 6/6
  3898 | D:5      | Reached *** piety under Trog
  3899 | D:5      | Reached skill level 10 in Axes
  4305 | D:5      | Found a staircase to the Ecumenical Temple.
  4572 | D:6      | Found a shimmering altar of Xom.
  4703 | D:6      | Reached skill level 5 in Fighting
  4823 | D:6      | Reached XP level 8. HP: 67/69 MP: 7/7
  5711 | D:7      | Reached **** piety under Trog
  5723 | D:7      | Reached skill level 10 in Fighting
  5957 | D:7      | Reached XP level 9. HP: 82/86 MP: 8/8
  5975 | D:7      | Identified the +1 ice dragon scales of New Discoveries
                  | {rElec rF- rC++ rCorr Int+2 Stlth+}
  6416 | D:7      | Found a runed translucent door.
  6416 | D:7      | Noticed turdburglar's ghost (novice DsNe)
  6891 | D:8      | Found a large runed translucent door.
  6891 | D:8      | Found a large runed translucent door.
  6894 | D:8      | Noticed mUm121's ghost (novice MiWn)
  6954 | D:8      | Found a radiant altar of Vehumet.
  6995 | D:8      | Reached XP level 10. HP: 83/101 MP: 9/9
  7577 | D:8      | Reached skill level 5 in Armour
  7883 | D:3      | Killed Drain's ghost
  8085 | D:7      | Killed turdburglar's ghost
  8086 | D:7      | Reached skill level 5 in Dodging
  8208 | D:8      | Killed mUm121's ghost
  8480 | D:9      | Found a staircase to the Lair.
  8706 | D:9      | Found Zagrof's Island Escapes.
  9047 | D:9      | Noticed Grum
  9058 | D:9      | Killed Grum
  9252 | D:10     | Entered Level 10 of the Dungeon
  9262 | D:10     | Reached ***** piety under Trog
  9379 | D:10     | Reached XP level 11. HP: 88/107 MP: 10/10
  9526 | D:10     | Found a burning altar of Makhleb.
  9555 | D:10     | Found a basalt altar of Yredelemnul.
  9765 | D:10     | Found a transporter.
  9778 | D:10     | Noticed Loveship's ghost (journeyman FoFi)
  9794 | D:10     | Found a transporter.
 10208 | D:11     | Found a staircase to the Orcish Mines.
 10377 | D:11     | Noticed a two-headed ogre
 10385 | D:11     | Killed a two-headed ogre
 10386 | D:11     | Reached skill level 10 in Armour
 10741 | D:11     | Reached skill level 1 in Evocations
 11192 | D:12     | Got Quron's Incunabulum of Fire and Breccia
 11448 | D:12     | Reached skill level 10 in Dodging
 11647 | D:12     | HP: 2/160 [enormous slime creature (61)]
 11860 | D:12     | Noticed a two-headed ogre
 11864 | D:12     | Killed a two-headed ogre
 12017 | D:13     | Reached XP level 12. HP: 115/115 MP: 11/11
 12032 | D:13     | Noticed a centaur warrior
 12044 | D:13     | Killed a centaur warrior
 12598 | D:13     | Noticed a yaktaur captain
 12617 | D:13     | Killed a yaktaur captain
 12703 | D:13     | Found a gate to the Vaults.
 12780 | D:10     | Reached skill level 5 in Evocations
 12782 | D:10     | Killed Loveship's ghost
 12787 | D:10     | Identified the +0 pair of boots of the Spheres {rN+ Str+3}
 12935 | D:14     | Noticed a boulder beetle
 12954 | D:13     | Reached skill level 11 in Axes
 12979 | D:14     | Noticed a two-headed ogre
 12983 | D:14     | Killed a boulder beetle
 12988 | D:14     | Killed a two-headed ogre
 12989 | D:14     | Noticed a rakshasa
 13085 | D:13     | Killed a rakshasa
 13146 | D:14     | Noticed a tengu warrior
 13151 | D:14     | Reached skill level 12 in Axes
 13217 | D:14     | Killed a tengu warrior
 13453 | D:14     | Noticed a tengu warrior
 13462 | D:14     | Paralysed by a floating eye for 2 turns
 13472 | D:14     | Killed a tengu warrior
 13479 | D:14     | Reached XP level 13. HP: 115/122 MP: 12/12
 13482 | Abyss:2  | Cast into level 2 of the Abyss (a wizard)
 13507 | Abyss:2  | Found a corrupted altar of Lugonu.
 13623 | Abyss:2  | Noticed a starcursed mass
 13653 | Abyss:3  | Noticed a thorn hunter
 13653 | Abyss:3  | Noticed a starcursed mass
 13654 | Abyss:3  | Noticed a starcursed mass
 13687 | Abyss:3  | Reached skill level 13 in Axes
 13705 | Abyss:3  | Noticed a tentacled starspawn
 13706 | Abyss:3  | Noticed a thorn hunter
 13712 | Abyss:3  | Killed a tentacled starspawn
 13724 | Abyss:3  | Killed a thorn hunter
 13725 | Abyss:3  | Noticed a tentacled starspawn
 13736 | Abyss:3  | Killed a tentacled starspawn
 13737 | Abyss:3  | Reached skill level 14 in Axes
 13739 | Abyss:3  | Noticed a white draconian stormcaller
 13742 | Abyss:3  | Killed a white draconian stormcaller
 13746 | D:14     | Escaped the Abyss
 14132 | D:14     | Noticed Agnes
 14140 | D:14     | Killed Agnes
 14359 | D:15     | Entered Level 15 of the Dungeon
 14450 | D:14     | Reached skill level 10 in Evocations
 14582 | D:15     | Noticed Roxanne
 14629 | D:15     | Reached skill level 15 in Axes
 14645 | D:15     | Found a staircase to the Depths.
 14645 | D:15     | Noticed a stone giant
 14820 | D:15     | Killed a stone giant
 14864 | D:15     | Reached XP level 14. HP: 129/129 MP: 13/13
 14982 | D:15     | Reached skill level 16 in Axes
 15099 | D:15     | Found a stormy altar of Qazlal.
 15343 | D:15     | Killed Roxanne
 15458 | Lair:1   | Entered Level 1 of the Lair of Beasts
 15799 | Lair:1   | Reached skill level 17 in Axes
 16069 | Lair:1   | Found a runed translucent door.
 16252 | Lair:1   | Identified the ring "Dyrchoipt" {rPois rN+ Str+6}
 16501 | Lair:2   | Found a staircase to the Shoals.
 16557 | Lair:2   | Found a dark tunnel.
 16600 | Volcano  | Entered a volcano
 16674 | Volcano  | Reached skill level 18 in Axes
 16678 | Volcano  | Killed from afar by a steam dragon

Illustrated notes

Levels and vault maps discovered:
D:1:      scummos_arrival_gate, layout_basic
D:2:      minmay_wonky_spiral, layout_loops_corners, serial_shops,
          nicolae_shop_pleasant_corner_grove
D:3:      layout_loops_ring, ebering_ghost_rock_garden
D:4:      layout_gridville, mainiacjoe_overflow_boulevard
D:5:      layout_cave_pools, minmay_temple_entry_drinking_statues
D:6:      layout_basic, mainiacjoe_overflow_tiny_flanked,
          hangedman_abyss_or_decor_lesser_grid
D:7:      kennysheep_kobold_camp, layout_basic, gammafunk_ghost_grave
D:8:      layout_loops_ring, mainiacjoe_overflow_paths,
          ebering_ghost_disaster_area
D:9:      layout_rooms, lair_entry_dummy, chequers_avenue,
          nicolae_island_escapes, uniq_grum
D:10:     layout_rooms, mainiacjoe_overflow_large_starburst,
          gammafunk_ghost_berserking_beasts
D:11:     layout_stronghold, orc_0_dummy
D:12:     layout_basic, serial_glass, glass_columns_a, glass_columns_a,
          item_on_display_a, item_on_display_a, due_unseen_surprise
D:13:     nicolae_cairo_tiling_large_dashed, layout_loops_cross, david_vaults_2
D:14:     layout_long_grid, grunt_decor_arrowhead, uniq_agnes
D:15:     grunt_enter_depths_giant_problem, layout_rooms,
          nicolae_qazlal_general_emergency, uniq_roxanne
Lair:1:   layout_long_grid, pdpol_lair_cabin_in_the_woods, lemuel_fruit_fields
Lair:2:   nzn_winding_woodlands_large [nzn_winding_woodlands_5x5_three,
          nzn_winding_woodlands_5x15_sidewinder,
          nzn_winding_woodlands_5x5_open_star,
          nzn_winding_woodlands_center_triple_pond,
          nzn_winding_woodlands_15x15_five_gardens,
          nzn_winding_woodlands_center_lodge,
          nzn_winding_woodlands_5x5_closed_star,
          nzn_winding_woodlands_5x15_split_checker,
          nzn_winding_woodlands_5x5_default], layout_long_grid,
          minmay_shoals_entry_centaurs, nicolae_volcano_entry_hallway
Volcano:  hellmonk_smoking_crater

Skill      XL: |  1  2  3  4  5  6  7  8  9 10 11 12 13 14 |
---------------+-------------------------------------------+-----
Axes           | 4 5 6 8 9 10 12 15 18 | 18.0
Fighting       | 5 10 13 | 13.1
Armour         | 4 8 11 12 | 12.1
Dodging        | 4 8 10 12 | 12.0
Evocations     | 4 7 10 | 10.3

Action                     |  1- 3 |  4- 6 |  7- 9 | 10-12 | 13-15 || total
---------------------------+-------+-------+-------+-------+-------++-------
  Melee: Hand axe          |    87 |    72 |       |       |       ||   159
         Headbutt          |    10 |     9 |    36 |    86 |    69 ||   210
         Punch             |       |     1 |     3 |     5 |       ||     9
         War axe           |       |    34 |   261 |    85 |       ||   380
         Battleaxe         |       |       |       |   292 |   276 ||   568
 Invoke: Berserk           |       |     3 |     3 |    13 |     7 ||    26
         Brothers in Arms  |       |       |     1 |     2 |     5 ||     8
         Trog's Hand       |       |       |     1 |     1 |     5 ||     7
  Evoke: Lightning rod     |       |       |       |     1 |     2 ||     3
         Box of beasts     |       |       |       |       |     1 ||     1
    Use: Potion            |       |       |     2 |     1 |     3 ||     6
         Scroll            |       |       |       |     8 |     3 ||    11
   Stab: Paralysed         |       |       |       |       |     1 ||     1
 Armour: Animal skin       |     3 |       |       |       |       ||     3
         Scale mail        |    19 |    36 |       |       |       ||    55
         Ring mail         |       |    12 |    83 |       |    16 ||   111
         Ice dragon scales |       |       |    23 |   292 |   147 ||   462
  Dodge: Dodged            |    52 |    52 |   153 |   297 |   232 ||   786
